 Dungeon Crawl Stone Soup version 0.27.1-2-g3b301248ec (webtiles) character file.

Game seed: 14404854338687872572

7012 Borgoz the Fighter (level 11, -4/72 HPs)
             Began as a Gargoyle Berserker on Sept 26, 2021.
             Was an Elder of Trog.
             Slain by a two-headed ogre (7 damage)
             ... on level 10 of the Dungeon.
             The game lasted 00:09:03 (11277 turns).

Borgoz the Fighter (Gargoyle Berserker)            Turns: 11277, Time: 00:09:04

Health: -4/72      AC: 26    Str: 23    XL:     11   Next: 8%
Magic:  0/11       EV: 13    Int:  7    God:    Trog [****..]
Gold:   480        SH:  0    Dex: 11    Spells: 10/10 levels left

rFire    . . .     SeeInvis .   F - +1 flail (venom)
rCold    . . .     Faith    .   (no shield)
rNeg     + . .     Spirit   +   G - +0 plate armour
rPois    ∞         Reflect  .   a - +1 helmet
rElec    +         Harm     .   (no cloak)
rCorr    .         Rampage  .   t - +0 pair of gloves
Will     .....                  (no boots)
Stlth    ..........             D - amulet of guardian spirit
HPRegen  0.22/turn              w - ring of flight
MPRegen  0.12/turn              z - +4 ring of evasion

@: on berserk cooldown, flying, hasted and slowed
A: sickness immunity, AC +8, negative energy resistance 1, electricity
resistance, torment resistance 1, petrification resistance
a: Renounce Religion, Berserk, Trog's Hand, Brothers in Arms


You were on level 10 of the Dungeon.
You worshipped Trog.
Trog was greatly pleased with you.
You visited 1 branch of the dungeon, and saw 10 of its levels.

You collected 480 gold pieces.

Inventory:

Hand Weapons
 F - a +1 flail of venom (weapon)
Missiles
 d - a throwing net (quivered)
Armour
 a - a +1 helmet (worn)
 t - a +0 pair of gloves (worn)
 G - a +0 plate armour (worn)
Jewellery
 w - a ring of flight (left hand)
 z - a +4 ring of evasion (right hand)
 D - an amulet of guardian spirit (around neck)
Wands
 C - a wand of acid (28)
Scrolls
 c - 2 scrolls of fear {unknown}
 j - 6 scrolls of teleportation
 l - a scroll of vulnerability {unknown}
 m - a scroll of noise {unknown}
 p - 3 scrolls of magic mapping
 q - 3 scrolls of enchant armour
 r - 2 scrolls of enchant weapon {unknown}
 u - a scroll of acquirement {unknown}
 v - a scroll of identify
 x - a scroll of immolation {unknown}
 y - a scroll of blinking {unknown}
 E - a scroll of fog {unknown}
Potions
 e - a potion of lignification
 f - 2 potions of might {unknown}
 g - 2 potions of cancellation {unknown}
 i - 3 potions of heal wounds {unknown}
 k - 3 potions of curing {unknown}
 n - 2 potions of attraction {unknown}
 o - 3 potions of magic {unknown}
 s - 2 potions of flight {unknown}
 B - 2 potions of mutation {unknown}


   Skills:
 + Level 9.7 Fighting
 + Level 9.0 Maces & Flails
 + Level 9.4 Armour
 + Level 7.2 Dodging


You had 10 spell levels left.
You didn't know any spells.
Your spell library was empty.

Dungeon Overview and Level Annotations

Branches:
Dungeon (10/15)            Temple (0/1) D:7            Lair (0/6) D:10
    Orc (0/2) D:10

Altars:
Ashenzari
Dithmenos
Fedhas
Gozag
Kikubaaqudgha
Okawaru
The Shining One

Shops:
D:10 [


Innate Abilities, Weirdness & Mutations

You are immune to sickness and miasma.
Your stone body is resilient. (AC +8)
You are immune to poison.
You resist negative energy. (rN+)
You are resistant to electric shocks. (rElec)
You are resistant to unholy torment.
You are immune to petrification.


Message History

You kill the centaur!
Trog accepts your kill. The catoblepas gores you!!
The troll bites you but does no damage. The troll claws you but does no damage.
The troll claws you!
Your Maces & Flails skill increases to level 9!
You bludgeon the catoblepas!!
The catoblepas is moderately wounded.
You are no longer berserk.
You are exhausted.
You feel yourself slow down.
You hit the catoblepas but do no damage.
The catoblepas is moderately wounded.
The catoblepas gores you. The troll bites you.
The troll claws you but does no damage. x2
The two-headed ogre hits you but does no damage.
The two-headed ogre completely misses you.
The catoblepas gores you!!
* * * LOW HITPOINT WARNING * * *
The troll misses you. The troll claws you but does no damage.
The troll claws you.
* * * LOW HITPOINT WARNING * * *
You are too injured to fight recklessly!
You are too injured to fight recklessly!
You are too injured to fight recklessly!
You are too injured to fight recklessly!
You are too injured to fight recklessly!
You are too injured to fight recklessly!
You are too injured to fight recklessly!
You are too injured to fight recklessly!
You are too injured to fight recklessly!
You are too injured to fight recklessly!
You are too injured to fight recklessly!
You are too injured to fight recklessly!
The two-headed ogre hits you but does no damage.
The two-headed ogre hits you with a +0 giant club!
* * * LOW HITPOINT WARNING * * *
Okay, then.
You feel yourself speed up. The two-headed ogre closely misses you.
The two-headed ogre hits you with a +0 giant club!
You die...

,* *,*,,,#.........#,,,*,,,,,,*
** *,*,,,#..⌠...⌠..#,,,*,,,,,,* *
*,*,,,#.........#,,,*,,,,,,* *
*,*,,,#.........#,,,*,,,,,,* *
****,**,,,#..⌠.⌠..#,,,**,,,,,,*
***,,,,,*..l.#..C..#....**,*,,,**
*,,,,**,*#....#YTY#....#**,*****
,,,*****,##...Z#O#....##**,* ****
***######@######,**,* *
#..)o.#,,,,,,,** *
###......,,,,,,**
*,.........,,,,,* ***
*,.........,,,,,** *,***
*..........,,,,,,* **,,,**
*..........,,,,,,* *,,,,,**
#..........,,,,,** *,,,,,,**
**,,,,,,,,,,,,,,*


You could see a catoblepas, a two-headed ogre, a cyclops, a yak, a troll and an
orc warrior (petrified).

Vanquished Creatures
  A two-headed ogre (D:7)
  The ghost of 15bullets the Cleaver, a novice FoFi of Trog (D:7)
  Psyche (D:9)
  A kobold demonologist (D:8)
  A troll (D:10)
  Sigmund (D:3)
  A centaur simulacrum (D:10)
  A wyvern (D:10)
  8 yaks (D:9)
  A wraith (D:9)
  2 steam dragons (D:9)
  A water moccasin (D:7)
  A sky beast (D:6)
  4 orc warriors
  3 ice beasts
  A boggart (D:8)
  2 ogres
  A necrophage (D:4)
  3 centaurs
  2 bullfrogs (D:8)
  A kobold brigand (D:7)
  A gnoll sergeant (D:7)
  4 scorpions
  2 jellies
  6 killer bees
  2 howler monkeys (D:4)
  A centaur zombie (D:6)
  3 centaur skeletons
  4 hounds
  5 orc priests
  3 iguanas
  3 orc wizards
  A howler monkey skeleton (D:6)
  4 gnolls (D:7)
  7 adders
  A shadow imp (D:8)
  2 white imps
  An ufetubus (D:6)
  3 worms
  3 dart slugs
  24 orcs
  A bat (D:3)
  5 endoplasms
  A giant cockroach (D:1)
  8 goblins
  4 hobgoblins
  9 jackals
  13 kobolds
  A quokka (D:2)
  4 ball pythons
  6 frilled lizards
  2 goblin zombies (D:4)
  4 rats
176 creatures vanquished.

Vanquished Creatures (others)
  4 fungi (D:9)
4 creatures vanquished.

Grand Total: 180 creatures vanquished

Notes
Turn   | Place    | Note
-------+----------+-------------------------------------------
     0 | D:1      | Borgoz the Gargoyle Berserker began the quest for the Orb.
     0 | D:1      | Reached XP level 1. HP: 14/14 MP: 1/1
   295 | D:1      | Reached XP level 2. HP: 19/19 MP: 2/2
   463 | D:1      | Found a faded altar of an unknown god.
   766 | D:1      | Reached XP level 3. HP: 18/23 MP: 3/3
  1216 | D:2      | Reached ** piety under Trog
  1877 | D:2      | Reached XP level 4. HP: 21/29 MP: 4/4
  2490 | D:3      | Found an ancient bone altar of Kikubaaqudgha.
  2676 | D:3      | Noticed Sigmund
  2689 | D:3      | Killed Sigmund
  2690 | D:3      | Reached XP level 5. HP: 34/34 MP: 5/5
  2690 | D:3      | Reached XP level 6. HP: 39/39 MP: 6/6
  2953 | D:3      | Found an opulent altar of Gozag.
  2953 | D:3      | Found an iron altar of Okawaru.
  2961 | D:3      | Found a broken altar of Ashenzari.
  2963 | D:3      | Found a shadowy altar of Dithmenos.
  2964 | D:3      | Found a faded altar of an unknown god.
  3190 | D:4      | Noticed a necrophage
  3213 | D:4      | Killed a necrophage
  3441 | D:4      | Reached skill level 5 in Fighting
  3441 | D:4      | Reached XP level 7. HP: 35/44 MP: 7/7
  3463 | D:4      | Reached *** piety under Trog
  3513 | D:4      | Found a sand-covered staircase.
  3598 | D:4      | Reached skill level 5 in Maces & Flails
  3598 | D:4      | Reached skill level 5 in Armour
  3949 | D:4      | Reached XP level 8. HP: 39/51 MP: 8/8
  4277 | D:5      | Entered Level 5 of the Dungeon
  4463 | D:5      | Found a glowing golden altar of the Shining One.
  5818 | D:6      | Reached XP level 9. HP: 56/56 MP: 9/9
  7031 | D:7      | Reached skill level 5 in Dodging
  7399 | D:7      | Found a staircase to the Ecumenical Temple.
  7470 | D:7      | Found a runed translucent door.
  7472 | D:7      | Noticed 15bullets's ghost (novice FoFi)
  7476 | D:7      | Noticed a two-headed ogre
  7484 | D:7      | Killed a two-headed ogre
  7544 | D:7      | Killed 15bullets's ghost
  7958 | D:8      | Reached XP level 10. HP: 64/64 MP: 10/10
  7999 | D:8      | Reached **** piety under Trog
  8451 | D:8      | Noticed a kobold demonologist
  8467 | D:8      | Killed a kobold demonologist
  8708 | D:8      | Found a blossoming altar of Fedhas.
 10074 | D:9      | HP: 3/99 [orc warrior (2)]
 10588 | D:9      | Noticed Psyche
 10603 | D:9      | Killed Psyche
 10720 | D:10     | Entered Level 10 of the Dungeon
 11158 | D:10     | Found Gaotrill's Armour Shoppe.
 11158 | D:10     | Found a staircase to the Orcish Mines.
 11165 | D:10     | Reached XP level 11. HP: 71/71 MP: 11/11
 11246 | D:10     | Noticed a two-headed ogre
 11246 | D:10     | Noticed a catoblepas
 11247 | D:10     | Noticed a cyclops
 11276 | D:10     | HP: 3/72 [two-headed ogre (7)]
 11277 | D:10     | Slain by a two-headed ogre

Illustrated notes

Levels and vault maps discovered:
D:1:      evilmike_arrival_crescent, layout_basic, basic_ecumenical_altar,
          minivault_19
D:2:      layout_loops_ring
D:3:      layout_basic, nicolae_overflow_crystal_walls,
          chequers_temple_overflow_minitemple, serial_bayou_lake_a, uniq_sigmund
D:4:      layout_basic, enter_ossuary_4
D:5:      layout_gridville, mainiacjoe_overflow_chevrons, columned_hall_lemuel
D:6:      layout_basic
D:7:      layout_gridville, minmay_temple_entry_trees,
          ebering_ghost_reflecting_pool
D:8:      layout_gridville, lemuel_tele_altar, serial_glass, glass_columns_a,
          glass_columns_b, minmay_three_doors
D:9:      kennysheep_steamy, layout_gridville, minmay_tree_intersection,
          uniq_psyche
D:10:     kennysheep_ambush_hall, layout_cave_pods, lair_entry_dummy,
          orc_david_3

Skill      XL: |  1  2  3  4  5  6  7  8  9 10 11 |
---------------+----------------------------------+-----
Dodging        | 2 3 4 5 7 |  7.2
Armour         | 3 4 5 6 7 9 |  9.4
Fighting       | 4 5 6 8 9 |  9.7
Maces & Flails | 4 5 6 7 8 9 |  9.0

Action                   |  1- 3 |  4- 6 |  7- 9 | 10-12 || total
-------------------------+-------+-------+-------+-------++-------
Melee: Mace              |   104 |   122 |   311 |       ||   537
       Flail             |       |       |    38 |   314 ||   352
       Unarmed           |       |       |       |     1 ||     1
Throw: Throwing net      |       |       |       |     2 ||     2
Invok: Berserk           |       |     2 |    10 |    11 ||    23
       Trog's Hand       |       |     1 |     2 |     3 ||     6
  Use: Scroll            |       |       |       |     6 ||     6
       Potion            |       |       |       |     1 ||     1
 Stab: Petrified         |       |       |       |    17 ||    17
Armor: Animal skin       |     4 |       |       |       ||     4
       Ring mail         |    49 |    57 |   198 |       ||   304
       Scale mail        |       |       |    20 |   176 ||   196
       Plate armour      |       |       |       |    20 ||    20
Dodge: Dodged            |    75 |    82 |   259 |   202 ||   618
